[Event "Early-Titled-Tuesday-Blitz-July-09-2024"]
[Site "Chess.com"]
[Date "2024.07.09"]
[Round "1"]
[White "Antosha_Chekhonte"]
[Black "Jospem"]
[Result "0-1"]
[WhiteElo "2534"]
[BlackElo "3107"]
[TimeControl "180+1"]
[EndTime "8:08:10 PDT"]
[Termination "Jospem won by resignation"]

1. e4 c5 2. Nf3 d6 3. c3 Nf6 4. h3 g6 5. Bd3 Bg7 6. Bc2 O-O 7. d4 b5 8. dxc5 dxc5 9. Qxd8 Rxd8 10. Be3 Nbd7 11.
Nbd2 Bb7 12. O-O a5 13. Rfe1 a4 14. a3 e5 15. Rad1 c4 16. Nh2 Bf8 17. f3 Bc5 18.
Kf2 Bxe3+ 19. Kxe3 Nc5 20. Ndf1 Re8 21. Rd6 Nh5 22. Rb6 Ba6 23. Ng4 Kg7 24. Rd1 Nf4 25. Nf2 Nxg2+ 26. Ke2 Nf4+ 27. Ke3 Rac8 28. Rdd6 Re6 29.
Ng4 Rxd6 30. Rxd6 f6 31. Nxf6 h5 32. h4 Bb7 33. Nd7 Ncd3 34. Bxd3 Nxd3 35. Nb6 Rb8 36.
Rd7+ Kh6 37. Ng3 Bc6 38. Rd6 Rxb6 39. Nf5+ Kh7 40. Ne7 Nxb2 41. Nxc6 Nd3 42. Rd7+ Kh6 43. Ne7 Rb8 44. Nd5 Rf8 45. Rb7 Ne1 46. f4 Ng2+ 47.
Kd2 Nxf4 48. Rxb5 Ng2 49. Rb4 Nxh4 50. Rxc4 Nf3+ 51. Ke2 h4 52. Rxa4 h3 53. Ra6 h2 54.
Ne7 h1=Q 55. Rxg6+ Kh5 0-1

[Event "Early-Titled-Tuesday-Blitz-July-09-2024"]
[Site "Chess.com"]
[Date "2024.07.09"]
[Round "1"]
[White "ALRS-SPS"]
[Black "Individoom"]
[Result "0-1"]
[WhiteElo "2406"]
[BlackElo "2730"]
[TimeControl "180+1"]
[EndTime "8:08:10 PDT"]
[Termination "Individoom won on time"]

1. e4 g6 2. Nf3 Bg7 3. d4 d6 4. Nc3 a6 5. a4 Nc6 6. Be2 Bg4 7.
Be3 Bxf3 8. Bxf3 e5 9. dxe5 Nxe5 10. Be2 Nf6 11. O-O O-O 12. a5 Re8 13. Re1 Nc6 14. Bf3 Nd7 15. Qd2 Nde5 16. Be2 Qc8 17. h3 Qe6 18. Nd5 Rac8 19. Rad1 h5 20. f4 Nd7 21. Bf3 f5 22. exf5 Qxf5 23. b3 Nf6 24. Bf2 Nxd5 25.
Bxd5+ Kh7 26. c4 Bh6 27. Bg3 h4 28. Bh2 Rcd8 29. Qf2 Qf6 30. Bxc6 bxc6 31. Qf3 c5 32. Kh1 Qf7 33. Re4 Rxe4 34. Qxe4 Re8 35. Qf3 Qf5 36. g4 hxg3 37. Qxg3 Re4 38. Rf1 Re2 39. Qf3 Qc2 40. Qg3 Qe4+ 41. Qf3 Qc2 42. Qg3 Bg7 43. f5 gxf5 44.
Rg1 Qb2 45. Qg6+ Kh8 46. Qh5+ Kg8 47. Rg2 Rxg2 48. Qe8+ Bf8 49. Qe6+ Kg7 50. Qd7+ Kh6 51. Bf4+ Kg6 52. Qe8+ Kg7 53. Qd7+ Kg8 54. Qe6+ Kh8 0-1

[Event "Early-Titled-Tuesday-Blitz-July-09-2024"]
[Site "Chess.com"]
[Date "2024.07.09"]
[Round "1"]
[White "Alexander_Donchenko"]
[Black "Chaubunagungamaug1"]
[Result "1-0"]
[WhiteElo "2908"]
[BlackElo "2495"]
[TimeControl "180+1"]
[EndTime "8:08:11 PDT"]
[Termination "Alexander_Donchenko won by resignation"]

1. Nf3 d5 2. g3 Bg4 3. Bg2 Nd7 4. h3 Bh5 5. O-O e6 6. c4 c6 7. d3 Ngf6 8. cxd5 cxd5 9. Qb3 Nc5 10. Qb5+ Qd7 11.
Nc3 Bd6 12. b4 Na6 13. a3 Rc8 14. Bb2 O-O 15. Qxd7 Nxd7 16. Nb5 Bb8 17. Rac1 Nc7 18. Nd6 Rcd8 19. Nxb7 Rde8 20. Nd6 Re7 21. Rc6 Nb6 22.
Rfc1 f6 23. Nd4 e5 24. N4f5 Rd7 25. g4 Bg6 26. R6c2 Ne6 27. Nc8 Nf4 28. Bf1 d4 29. Nce7+ Kf7 30. Nc6 Nbd5 31. Ng3 h5 32. Nxb8 Rxb8 33.
Rc8 Rbb7 34. Ne4 Nb6 35. R8c6 Bxe4 36. dxe4 Na4 37. Ba1 d3 38. exd3 Nxd3 39. Rd1 Nf4 40. Bc4+ Ke7 41. Rxd7+ Kxd7 42. Ra6 Nb6 43. Bb5+ Ke7 44.
Kh2 hxg4 45. hxg4 g5 46. Bc6 Rc7 47. b5 Kd6 48. Bc3 Kc5 49. Bb4+ Kd4 50. Ba5 Rh7+ 51.
Kg1 Nc4 52. Bb4 Nb2 53. Rxa7 Rxa7 54. b6 Rh7 55. b7 Nbd3 56. b8=Q Nh3+ 57. Kf1 Nhxf2 58.
Qb6+ Kc4 59. Bb5+ Kb3 60. Bxd3 Nxd3 61. Qxf6 Rh1+ 62. Kg2 Rh4 63. Qxg5 Nf4+ 1-0

[Event "Early-Titled-Tuesday-Blitz-July-09-2024"]
[Site "Chess.com"]
[Date "2024.07.09"]
[Round "1"]
[White "youngKID"]
[Black "JosefineHeinemann"]
[Result "1/2-1/2"]
[WhiteElo "2875"]
[BlackElo "2489"]
[TimeControl "180+1"]
[EndTime "8:08:11 PDT"]
[Termination "Game drawn - insufficient material"]

1. d4 Nf6 2. Bg5 d5 3. Nd2 c5 4. e3 Nc6 5. Bxf6 gxf6 6. dxc5 e6 7. c4 Bxc5 8. cxd5 Qxd5 9. Ngf3 Be7 10. Bc4 Qa5 11. O-O Bd7 12. a3 O-O 13. b4 Qc7 14. Rc1 a6 15. Nd4 f5 16. N2b3 Rac8 17. g3 Qd6 18. Qh5 Nxd4 19. Nxd4 Bf6 20. Rfd1 Qe7 21. Qf3 Ba4 22. Bb3 Rxc1 23. Rxc1 Bxb3 24. Nxb3 Bb2 25.
Rc4 Bxa3 26. g4 b5 27. Rd4 Bb2 28. Rd2 Bc3 29. Rd3 Qxb4 30. Nd4 Bxd4 31. Rxd4 Qb1+ 32. Kg2 a5 33. Qf4 fxg4 34. Qg5+ Qg6 35. Qxb5 Qf5 36. Qa4 Qf3+ 37. Kg1 Rb8 38. Rxg4+ Kf8 39. Qa3+ Rb4 40. Rxb4 Qd1+ 41. Kg2 axb4 42. Qxb4+ Kg7 43. Qf4 Qd5+ 44. Kg3 Qc5 45. h4 h5 46. e4 Qc3+ 47. Kg2 Qc5 48.
f3 Qc2+ 49. Kg3 Qc5 50. Qg5+ Qxg5+ 51. hxg5 Kg6 52. f4 e5 53. Kf3 exf4 54. Kxf4 h4 55. Kg4 h3 56. Kxh3 Kxg5 57. Kg3 f5 58. exf5 Kxf5 1/2-1/2

[Event "Early-Titled-Tuesday-Blitz-July-09-2024"]
[Site "Chess.com"]
[Date "2024.07.09"]
[Round "1"]
[White "eljanov"]
[Black "pavelalexandru07"]
[Result "1-0"]
[WhiteElo "2927"]
[BlackElo "2506"]
[TimeControl "180+1"]
[EndTime "8:08:12 PDT"]
[Termination "eljanov won by resignation"]

1. d4 d5 2. Nf3 Nf6 3. Bf4 c5 4.
e3 Nc6 5. Nbd2 e6 6. c3 Nh5 7.
Bg5 f6 8. Bh4 g6 9. Be2 Be7 10.
O-O Ng7 11. dxc5 Bxc5 12. e4 O-O 13. exd5 Qxd5 14. Bc4 Qd8 15. Ne4 Be7 16. Qxd8 Nxd8 17. Nd4 g5 18. Bg3 Nf7 19. f3 e5 20. Nb5 Be6 21.
Be2 Rfc8 22. Rfd1 a6 23. Nbd6 Nxd6 24. Nxd6 Rc7 25. Bf2 Nf5 26. Ne4 Kf7 27. a4 Bb3 28. Rd2 Rd8 29. Rxd8 Bxd8 30. g4 Ng7 31. a5 Be7 32. Nd2 Bd5 33. Bd3 h5 34. Be4 Bxe4 35.
Nxe4 hxg4 36. fxg4 Ne6 37. Rd1 Nf4 38. Bb6 Rc4 39.
Nd6+ Bxd6 40. Rxd6 Ke7 41. Rd8 Nh3+ 42. Kg2 Nf4+ 43.
Kf3 Ne6 44. Rb8 e4+ 45. Ke3 Nf4 46. Rxb7+ Ke6 47. Ra7 Nd5+ 48. Ke2 Nf4+ 49. Kf2 Nd3+ 50. Ke3 Nxb2 51. Rxa6 Rxc3+ 52. Kxe4 Rc4+ 53. Bd4+ Kf7 54. Rxf6+ Ke7 55. Rb6 Na4 56. Rb7+ Kd6 57. Kd3 Rc1 58. a6 Rd1+ 59. Ke3 Re1+ 60. Kd2 Re4 61. Kd3 Re8 62.
a7 1-0

[Event "Early-Titled-Tuesday-Blitz-July-09-2024"]
[Site "Chess.com"]
[Date "2024.07.09"]
[Round "1"]
[White "Vision_64"]
[Black "ManMish2"]
[Result "0-1"]
[WhiteElo "2283"]
[BlackElo "2614"]
[TimeControl "180+1"]
[EndTime "8:08:16 PDT"]
[Termination "ManMish2 won by resignation"]

1. e4 e5 2. Nf3 Nc6 3. d4 exd4 4. Nxd4 Nf6 5. Nc3 Bb4 6. Nxc6 bxc6 7. Qd4 Qe7 8. Bd3 c5 9. Qe3 d6 10. Bd2 O-O 11.
f3 Be6 12. a3 Ba5 13. e5 dxe5 14. Qxe5 Rab8 15. b3 Nd7 16. Qe4 f5 17. Qe2 Qf6 18.
O-O Rbe8 19. Nb5 Bxb3 20. Qf2 Bb6 21. Bc3 Qxc3 22. Nxc3 c4 23. cxb3 cxd3 24. Rad1 Bxf2+ 25. Kxf2 Ne5 26. Rfe1 Re7 27. f4 Ng4+ 28. Kg3 Re2 29. Nxe2 dxe2 30. Rxe2 Rb8 31. Rd3 Nf6 32. Re7 Ne4+ 33.
Kf3 c5 34. b4 cxb4 35. axb4 h6 36. Rb3 a5 37. b5 Nd2+ 38. Ke2 Nxb3 39. Kd3 Rxb5 40.
Kc4 Rb8 41. Ra7 Nd2+ 42. Kd5 Ne4 43. Rxa5 Kh7 44. Ke5 Rf8 45. Ra7 Nf2 46. g3 Ng4+ 47. Ke6 Nxh2 48. Ke7 Rf6 49. Ke8 Ng4 50. Ke7 h5 51.
Ke8 Kg6 52. Ra3 Nf2 53. Ra1 Ne4 54. Rg1 Rd6 55. Ke7 Rd3 56. g4 hxg4 0-1

[Event "Early-Titled-Tuesday-Blitz-July-09-2024"]
[Site "Chess.com"]
[Date "2024.07.09"]
[Round "1"]
[White "VacheH009"]
[Black "Bauman_Guy"]
[Result "1/2-1/2"]
[WhiteElo "2523"]
[BlackElo "2957"]
[TimeControl "180+1"]
[EndTime "8:08:17 PDT"]
[Termination "Game drawn - insufficient material"]

1. d4 Nf6 2. Nf3 b6 3. g3 Bb7 4. Bg2 g6 5. O-O Bg7 6. b3 O-O 7. Bb2 d6 8. c4 Nbd7 9. Nbd2 Re8 10. Qc2 e5 11. dxe5 dxe5 12. Ng5 Bxg2 13. Kxg2 h6 14.
Nge4 Nxe4 15. Nxe4 f5 16. Nc3 c6 17. Rad1 Qc7 18. h4 e4 19. Na4 Ne5 20. Bxe5 Bxe5 21.
e3 Kg7 22. b4 g5 23. hxg5 hxg5 24. Qe2 Qf7 25. b5 cxb5 26. cxb5 Rac8 27. Rd2 Re7 28.
Rfd1 Rc4 29. Nb2 Rb4 30. a3 Rxb2 31. Rxb2 Bxb2 32. Qxb2+ Qf6 33. Qxf6+ Kxf6 34. Rd6+ Ke5 35. Rc6 f4 36. gxf4+ gxf4 37. exf4+ Kxf4 38. a4 Ke5 39.
Kf1 Kd4 40. Ke2 e3 41. f3 Rh7 42. Rd6+ Kc5 43. Re6 Rh4 44. Kxe3 Rxa4 45. Re5+ Kd6 46.
f4 Ra5 47. Kf3 a6 48. bxa6 Rxa6 49. Kg4 Ra8 50. Rb5 Rb8 51. f5 Kc6 52. Rb1 b5 53. Kg5 Kd5 54. f6 Ke6 55. Re1+ Kd5 56. f7 Rf8 57.
Kf6 b4 58. Re8 Rxf7+ 59. Kxf7 b3 60. Rb8 Kc4 61. Ke6 Kc3 62. Ke5 b2 63. Ke4 Kc2 64. Rc8+ Kd1 65. Rb8 Kc2 66. Ke3 b1=Q 67. Rxb1 Kxb1 1/2-1/2

[Event "Early-Titled-Tuesday-Blitz-July-09-2024"]
[Site "Chess.com"]
[Date "2024.07.09"]
[Round "1"]
[White "SirStrateg"]
[Black "EternalNight8"]
[Result "1-0"]
[WhiteElo "2684"]
[BlackElo "2370"]
[TimeControl "180+1"]
[EndTime "8:08:17 PDT"]
[Termination "SirStrateg won by resignation"]

1. d4 Nf6 2. Bg5 d5 3. Bxf6 exf6 4. Nd2 Bd6 5. g3 O-O 6. Bg2 c6 7. e4 dxe4 8. Nxe4 Re8 9. Kf1 Bc7 10. c3 Bf5 11. f3 Nd7 12. Ne2 Bg6 13. Kf2 f5 14.
Nd2 Qe7 15. Re1 Qg5 16. f4 Qh6 17. Nf3 Bh5 18. Neg1 Nf6 19. Rxe8+ Rxe8 20. Qd3 Bxf3 21. Nxf3 Ng4+ 22. Kg1 g6 23. h3 Nf6 24. Re1 Qf8 25. Rxe8 Qxe8 26. Ne5 Nh5 27. Kh2 Qe6 28. d5 Qe8 29.
dxc6 Bxe5 30. fxe5 bxc6 31. Qd6 f4 32. gxf4 Nxf4 33. Bxc6 Qc8 34. Qd7 Qb8 35. Qe8+ Qxe8 36. Bxe8 Kf8 37. Bb5 Ke7 38. Bc4 h5 39. Kg3 g5 40. h4 f6 41. exf6+ Kxf6 42. a4 Ng6 43. hxg5+ Kxg5 44. b4 h4+ 45. Kf2 Nf4 46. Bf1 Kg4 47.
a5 Nd5 48. b5 Nxc3 49. b6 axb6 50. a6 Nd5 51. a7 Nc7 52. Bg2 b5 53. Ke3 Kg3 54.
Bh1 h3 55. Kd4 Kh2 56. Be4 Kg1 57. Kc5 h2 58. Kb6 b4 59. Kxc7 b3 60. a8=Q b2 61. Qa2 1-0

[Event "Early-Titled-Tuesday-Blitz-July-09-2024"]
[Site "Chess.com"]
[Date "2024.07.09"]
[Round "1"]
[White "Kapitan_Bayan"]
[Black "koncheto"]
[Result "0-1"]
[WhiteElo "2356"]
[BlackElo "2668"]
[TimeControl "180+1"]
[EndTime "8:08:18 PDT"]
[Termination "koncheto won by resignation"]

1. e4 c5 2. Nf3 d6 3. d4 cxd4 4. Nxd4 Nf6 5. Nc3 Nc6 6. Bg5 e6 7. Bb5 Bd7 8. Qd3 a6 9. Bxc6 bxc6 10. O-O-O Be7 11. f4 h6 12. Bh4 g5 13. fxg5 Ng4 14.
Nf3 hxg5 15. Bg3 d5 16. exd5 cxd5 17. Rhe1 Bc6 18. h3 Nh6 19. Nd4 Qd7 20. Be5 O-O 21. Rf1 f5 22. g4 Bf6 23. Nf3 Qg7 24. Qd4 Rac8 25. Kb1 Bb5 26. Nxb5 axb5 27. Bxf6 Rxf6 28. gxf5 Nxf5 29. Qd3 Kh8 30. Rg1 Rg6 31. Rdf1 Rc4 32. b3 Rf4 33. Qxb5 Ne3 34. Rf2 Qf6 35. Qb8+ Rg8 36.
Qb6 Rxf3 37. Rxf3 Qxf3 38. Qd4+ Kh7 39. Qe5 Qe4 40. Qxe4+ dxe4 41. Re1 Nd5 42. Kb2 Nf4 43.
Rxe4 Kg6 44. a4 Kf5 45. Re3 e5 46. a5 e4 47. b4 Nd5 48. Rb3 e3 49. Kc1 Ke4 50. a6 Ra8 51. b5 Kf3 52. Kd1 Kf2 53. Rxe3 Kxe3 54. c4 Kd4 55. cxd5 Kxd5 56. Ke2 Kc5 57.
Kf3 Kxb5 58. Kg4 Rxa6 59. Kxg5 Kc6 60. h4 Kd7 61. h5 Ke8 62. h6 Kf8 0-1

[Event "Early-Titled-Tuesday-Blitz-July-09-2024"]
[Site "Chess.com"]
[Date "2024.07.09"]
[Round "1"]
[White "Hatsummei"]
[Black "Magionator"]
[Result "1-0"]
[WhiteElo "2950"]
[BlackElo "2513"]
[TimeControl "180+1"]
[EndTime "8:08:19 PDT"]
[Termination "Hatsummei won by resignation"]

1. Nf3 d5 2. d4 Nf6 3. Bg5 c5 4.
e3 cxd4 5. exd4 Ne4 6. Bf4 Nc6 7. c3 g6 8. Nbd2 Bg7 9. Bd3 Bf5 10. Be2 O-O 11.
O-O Re8 12. h3 f6 13. Qb3 Qd7 14. Rfe1 e5 15. dxe5 fxe5 16. Bh2 Nxd2 17. Nxd2 Rad8 18. Rad1 Kh8 19. Nf1 d4 20. Bb5 a6 21. Bxc6 Qxc6 22.
Rc1 Bh6 23. Rcd1 Bg7 24. Ng3 Be6 25. Qc2 Bd5 26. f3 Rc8 27. Kh1 Bg8 28. Ne4 Bd5 29.
Ng5 h6 30. Ne4 Bxe4 31. Rxe4 dxc3 32. bxc3 Qxc3 33. Qa4 Qc2 34. Qd7 Qc7 35. Qg4 Qf7 36. Bg1 Rcd8 37. Rde1 Qf5 38. Qg3 Kh7 39. Qf2 Rd7 40. a4 Red8 41. a5 Rd2 42. Qb6 R8d7 43. Bh2 Qg5 44. Rg4 Qf5 45. Rge4 Qg5 46. Rg4 Qf5 47. Qg1 R2d5 48. Rge4 Rxa5 49. f4 exf4 50. Rxf4 Qc5 51. Qf1 Qd5 52. Bg1 Ra2 53. Rf3 Rc7 54.
Rd1 Qb5 55. Qe1 Rcc2 56. Rf7 Rxg2 57. Rxg7+ Kxg7 58. Qe7+ 1-0

[Event "Early-Titled-Tuesday-Blitz-July-09-2024"]
[Site "Chess.com"]
[Date "2024.07.09"]
[Round "1"]
[White "Pitomina"]
[Black "UnTucopalaTimba"]
[Result "1-0"]
[WhiteElo "2571"]
[BlackElo "2152"]
[TimeControl "180+1"]
[EndTime "8:08:19 PDT"]
[Termination "Pitomina won on time"]

1. d4 Nf6 2. Bf4 d5 3. e3 c5 4.
c3 Nc6 5. Nd2 Qb6 6. Qb3 c4 7. Qc2 Bg4 8. Ngf3 e6 9. Be2 Be7 10.
b3 Bf5 11. Qb2 cxb3 12. axb3 O-O 13. O-O Rfc8 14. b4 a6 15. Nb3 Ne4 16. Rfc1 Na7 17. Nfd2 Nxd2 18. Qxd2 Nb5 19. Nc5 Nd6 20. f3 Nc4 21.
Bxc4 dxc4 22. e4 Bg6 23. Be3 Bxc5 24. dxc5 Qc6 25. Bd4 f6 26. e5 fxe5 27. Bxe5 Bd3 28. Qg5 Qd7 29. Re1 Rf8 30. Bd4 Rf5 31. Qg3 Rf7 32.
Re5 Re8 33. Rae1 Bf5 34. h4 h6 35. Qf4 Kh7 36. Qe3 Kg8 37. g4 Bd3 38. Kg2 Rfe7 39. Kg3 Qc7 40. f4 Kf8 41. Kh3 Qc6 42. Qg3 Kg8 43. f5 Kf7 44. Qe3 Qd7 45. f6 gxf6 46. Qxh6 fxe5 47. Bxe5 Rg8 48. Re3 Qc6 49. Kg3 Ke8 50. Bd6 Reg7 51. Qxe6+ Kd8 52. g5 Qd7 53. Qf6+ Kc8 54. Bf4 Rg6 55. Qe5 Kd8 56. Qb8+ Qc8 57. Qe5 Qd7 58. h5 1-0

[Event "Early-Titled-Tuesday-Blitz-July-09-2024"]
[Site "Chess.com"]
[Date "2024.07.09"]
[Round "1"]
[White "klercaku"]
[Black "Kildepiotr"]
[Result "1/2-1/2"]
[WhiteElo "2395"]
[BlackElo "2687"]
[TimeControl "180+1"]
[EndTime "8:08:21 PDT"]
[Termination "Game drawn - insufficient material"]

1. e4 g6 2. d4 Bg7 3. Nf3 c6 4. Nc3 d6 5. Be2 Nd7 6. Be3 Ngf6 7. Qd2 O-O 8. h3 e5 9. dxe5 dxe5 10. O-O-O Qe7 11.
Qd6 Qxd6 12. Rxd6 Ne8 13. Rd2 Nc7 14. Rhd1 Nb6 15. Bc5 Re8 16. Bd6 Ne6 17. Nxe5 Nf4 18. Nd3 Nxg2 19. Bg3 Nc4 20. Bf3 Nxd2 21. Kxd2 Bxh3 22.
Rh1 f5 23. Rxh3 Bxc3+ 24. Kxc3 fxe4 25. Bxg2 exd3 26. cxd3 Re2 27. Be4 Rf8 28. Rh1 a5 29. a4 b5 30. Bxc6 bxa4 31. Bxa4 Rc8+ 32. Kb3 Rcc2 33.
Rb1 g5 34. Bb5 Rcd2 35. Bc4+ Kg7 36. Kc3 h5 37. b4 Rc2+ 38. Kd4 axb4 39. Rxb4 h4 40.
Be5+ Kg6 41. Rb6+ Kh5 42. Bf7+ Kg4 43. Rh6 Rxf2 44. Be6+ Kf3 45. Bd5+ Ke2 46. Rh5 Rd2 47. Rxg5 Rxd3+ 48. Kc4 h3 49. Rh5 Rf1 50. Kc5 Rc1+ 51.
Bc4 Kf2 52. Kb5 Rb1+ 53. Kc5 Rc1 54. Kb5 Rd8 55. Rf5+ Kg2 56. Rg5+ Kf3 57. Rh5 Ke4 58. Bc7 Rb1+ 59. Kc5 Rc8 60. Kc6 Rc1 61. Rh4+ Kf5 62. Kd7 Rxc7+ 63. Kxc7 h2 64. Rxh2 Rxc4+ 65. Kd6 Rd4+ 66. Kc5 Re4 67. Rf2+ Rf4 68. Re2 Re4 69. Rxe4 Kxe4 1/2-1/2

[Event "Early-Titled-Tuesday-Blitz-July-09-2024"]
[Site "Chess.com"]
[Date "2024.07.09"]
[Round "1"]
[White "ChessSwole"]
[Black "elis06"]
[Result "1-0"]
[WhiteElo "2705"]
[BlackElo "2393"]
[TimeControl "180+1"]
[EndTime "8:08:23 PDT"]
[Termination "ChessSwole won by checkmate"]

1. e4 c6 2. d4 d5 3. Nc3 dxe4 4.
Nxe4 Nd7 5. Nf3 Ngf6 6. Nxf6+ Nxf6 7. Bc4 Bf5 8. O-O e6 9. c3 Bd6 10. h3 O-O 11. Re1 Rc8 12. a4 Qc7 13. a5 c5 14.
a6 b6 15. Bb5 Rfd8 16. Bg5 Be7 17. Qc1 Ne4 18. Bf4 Bd6 19. Bxd6 Nxd6 20. Bf1 Bg6 21.
Qf4 Nf5 22. Qxc7 Rxc7 23. dxc5 Rxc5 24. Rad1 Rcc8 25. Ne5 Ne7 26. Bb5 Bc2 27. Rc1 Bf5 28.
g4 Bg6 29. Red1 f6 30. Nxg6 Nxg6 31. Bd7 Rb8 32. Bxe6+ Kf8 33. Bf5 Nf4 34. Kh2 g6 35. Be4 Ke7 36. Bf3 Nd3 37. Rb1 Nxf2 38. Re1+ Kf7 39. c4 Nd3 40. Bd5+ Kg7 41. Re7+ Kh8 42. Rxa7 b5 43. Rb7 bxc4 44. Rxb8 Rxb8 45. a7 Rd8 46. a8=Q Rxa8 47. Bxa8 Kg7 48. Bd5 Ne5 49. Rc1 f5 50. gxf5 gxf5 51. Rxc4 Nxc4 52. Bxc4 Kf6 53.
Kg3 Ke7 54. Kf4 Kd6 55. Kxf5 Kc5 56. b3 Kb6 57. h4 h5 58. Kg5 Kc5 59. Kxh5 Kd6 60.
Kg6 Ke7 61. h5 Kf8 62. h6 Ke7 63. h7 Kd6 64. h8=Q Kc7 65. Qe5+ Kb7 66. Qc5 Kb8 67. Qb6+ Ka8 68. Bd5# 1-0

[Event "Early-Titled-Tuesday-Blitz-July-09-2024"]
[Site "Chess.com"]
[Date "2024.07.09"]
[Round "1"]
[White "Tol_Tol"]
[Black "annasargsyan_m"]
[Result "1-0"]
[WhiteElo "2360"]
[BlackElo "2642"]
[TimeControl "180+1"]
[EndTime "8:08:23 PDT"]
[Termination "Tol_Tol won by resignation"]

1. d4 d5 2. c4 c6 3. Nf3 Nf6 4. Nc3 dxc4 5. a4 Bf5 6. e3 e6 7. Bxc4 Nbd7 8. O-O Bb4 9. Qb3 a5 10. Rd1 O-O 11. Bd2 Qe7 12. Na2 Bxd2 13. Nxd2 Rab8 14. Nc3 c5 15. d5 exd5 16. Nxd5 Nxd5 17. Bxd5 Ne5 18. h3 h6 19. e4 Be6 20. Nc4 Nc6 21. Ne3 Nd4 22. Qc4 b6 23. Ra3 Rbd8 24. Rad3 Kh8 25.
R3d2 Qg5 26. Kh1 Bxd5 27. Nxd5 f5 28. f4 Qg3 29. e5 Ne6 30. Rd3 Qh4 31. Rf3 Nd4 32.
Rff1 Qh5 33. Nxb6 Qg6 34. Qxc5 Ne6 35. Qf2 Rxd1 36. Rxd1 Rb8 37. Nd5 Rd8 38. Nc3 Qe8 39.
Rxd8 Qxd8 40. Kh2 Qd3 41. Qf3 Qd4 42. b3 Nxf4 43. Nb5 Qxe5 44. Qg3 g5 45. Nc3 Qd4 46.
Nb5 Qb4 47. Qe3 Qf8 48. Qe5+ Qg7 49. Qxf5 Qe7 50. Qc8+ Kg7 51. Qc3+ Kf7 52. Qxa5 Qe2 53. Qc7+ Kg6 54. Qd6+ Kh5 55. Qc6 Qf2 56. Qf3+ Qxf3 57.
gxf3 Kh4 58. a5 Nxh3 59. a6 g4 60. a7 Nf2 61. a8=Q g3+ 62. Kg2 1-0

[Event "Early-Titled-Tuesday-Blitz-July-09-2024"]
[Site "Chess.com"]
[Date "2024.07.09"]
[Round "1"]
[White "chesslh93"]
[Black "KubaGepard"]
[Result "0-1"]
[WhiteElo "2329"]
[BlackElo "2646"]
[TimeControl "180+1"]
[EndTime "8:08:23 PDT"]
[Termination "KubaGepard won by resignation"]

1. e4 e5 2. Nf3 Nc6 3. Bb5 a6 4. Ba4 Nf6 5. O-O Be7 6. Re1 b5 7. Bb3 d6 8. c3 O-O 9. h3 Na5 10. Bc2 c5 11. d4 Qc7 12. Nbd2 cxd4 13. cxd4 Rd8 14. d5 Bd7 15. Nf1 Rdc8 16. Bd3 Nb7 17. Bg5 Nc5 18. Rc1 h6 19. Bxf6 Bxf6 20. b4 Qb6 21.
bxc5 dxc5 22. Bb1 c4 23. Ne3 Qd6 24. Nh2 Bg5 25. Nf3 Bxe3 26. Rxe3 b4 27. Nh4 c3 28. Nf5 Bxf5 29. exf5 Rc5 30. Be4 Rac8 31. f6 g6 32. Qg4 Qxf6 33. Rf3 Qg5 34. Qxg5 hxg5 35. Rf6 a5 36.
Rc6 R8xc6 37. dxc6 f5 38. Bf3 e4 39. Bd1 Rxc6 40.
Bb3+ Kf8 41. Kf1 Ke7 42. Ke2 Ra6 43. Rd1 a4 44. Bc2 Ke6 45. f3 Ke5 46. fxe4 fxe4 47. Ke3 Ra7 48. Rd8 b3 49. axb3 a3 50. Re8+ Kd6 51.
Bb1 c2 52. Bxc2 a2 53. Rd8+ Kc5 54. Rd1 a1=Q 55. Rxa1 Rxa1 56. Bxe4 Re1+ 57. Kf3 Kd4 58. Bxg6 Ke5 59. Kg3 Re3+ 60. Kh2 Rxb3 61. Bh5 Kf4 62.
Bf3 Ke3 63. Kg3 Rb4 64. Bg4 Rb8 65. Bf3 Rb4 66. Bg4 Ke4 67. Bf3+ Kf5 68. Bg4+ Ke5 69. Bf3 Kf6 70. Bg4 Rb3+ 71. Bf3 Kf5 72. Kf2 Kf4 73. Ke2 Kg3 74. Kf1 Rb2 75. Kg1 Rb1+ 0-1

[Event "Early-Titled-Tuesday-Blitz-July-09-2024"]
[Site "Chess.com"]
[Date "2024.07.09"]
[Round "1"]
[White "maracayo"]
[Black "BlackBoarder"]
[Result "1/2-1/2"]
[WhiteElo "2414"]
[BlackElo "2721"]
[TimeControl "180+1"]
[EndTime "8:08:29 PDT"]
[Termination "Game drawn - insufficient material"]

1. e4 e6 2. d3 d5 3. Nd2 Nf6 4. Ngf3 Nc6 5. Be2 Bc5 6. O-O O-O 7. c3 e5 8. h3 Re8 9. Qc2 a5 10. Re1 h6 11. Bf1 Ba7 12. a3 a4 13.
exd5 Nxd5 14. Nc4 f6 15. Bd2 Be6 16. Ne3 Qd7 17. c4 Nf4 18. Bc3 Bc5 19. Rad1 Nd4 20.
Bxd4 exd4 21. Nd5 Nxd5 22. cxd5 Qxd5 23. Rc1 b6 24. Nd2 Bf7 25. Ne4 Ra5 26. Be2 Qb3 27. Bf3 Qxc2 28. Rxc2 Rb5 29. Rec1 Bb3 30. Re2 Kf8 31.
Nxc5 Rxe2 32. Nxb3 Rxb2 33. Nxd4 Rb1 34. Rxb1 Rxb1+ 35. Kh2 Ra1 36. Ne6+ Ke7 37. Nxc7 Rxa3 38. Nd5+ Kd6 39. Nxb6 Rxd3 40. Nxa4 Rd2 41. Nc3 Ke5 42. Kg3 f5 43. Ne2 g5 44. Kh2 Ra2 45. Kg1 Ra1+ 46.
Kh2 Ra2 47. Kg1 Ra1+ 48. Kh2 Rf1 49. Ng3 Rxf2 50. Kg1 Ra2 51. Nh5 Kd4 52. Ng7 Ke5 53.
Kf1 Kf4 54. Kg1 Ra7 55. Ne6+ Kg3 56. Kf1 Ra1+ 57. Ke2 Ra2+ 58. Ke3 Rxg2 59. Bxg2 Kxg2 60. Nf4+ gxf4+ 61. Kxf4 Kxh3 62. Kxf5 Kg3 63. Kg6 h5 64. Kxh5 1/2-1/2

[Event "Early-Titled-Tuesday-Blitz-July-09-2024"]
[Site "Chess.com"]
[Date "2024.07.09"]
[Round "1"]
[White "KhamzinOlzhas"]
[Black "kadirsoria"]
[Result "0-1"]
[WhiteElo "2574"]
[BlackElo "2224"]
[TimeControl "180+1"]
[EndTime "8:08:29 PDT"]
[Termination "kadirsoria won by resignation"]

1. d4 Nf6 2. c4 g6 3. Nc3 Bg7 4. e4 d6 5. f3 O-O 6. Be3 c5 7. d5 e6 8. Qd2 exd5 9. cxd5 a6 10. a4 Nbd7 11. Nh3 Ne5 12. Nf2 Bd7 13. Be2 b5 14. O-O Nc4 15. Bxc4 bxc4 16. f4 Re8 17. Qe2 Rb8 18.
Rab1 Rb4 19. Ra1 Qb6 20. Ra2 Rb8 21. Bc1 Ne8 22. e5 Bf5 23. e6 Qb7 24. Re1 fxe6 25. dxe6 d5 26. Rd1 d4 27. Nce4 Qd5 28. Ng5 d3 29. Qe1 Bxb2 30. Bxb2 Rxb2 31. Rxb2 Rxb2 32. Qc3 Qd4 33. Qe1 Re2 34. Qf1 c3 35. Nf3 Qe3 36.
Re1 c2 37. Rxe2 Qxe2 38. Qc1 Bxe6 39. Nd2 c4 40. Nf3 c3 41. Nd4 Qd2 42. Nxd3 Qxd3 43. Kf2 Qxd4+ 44. Ke2 Qd2+ 45. Qxd2 cxd2 46. Kxd2 Bb3 47.
a5 Nd6 48. g3 Nc4+ 49. Kc1 Nxa5 50. g4 Nc4 51. h4 Ne3 52. h5 gxh5 53. gxh5 Ng2 54.
f5 Nf4 55. f6 Ne2+ 56. Kb2 c1=Q+ 0-1

[Event "Early-Titled-Tuesday-Blitz-July-09-2024"]
[Site "Chess.com"]
[Date "2024.07.09"]
[Round "1"]
[White "RantomOpening"]
[Black "Chessdude1987"]
[Result "0-1"]
[WhiteElo "2606"]
[BlackElo "2317"]
[TimeControl "180+1"]
[EndTime "8:08:30 PDT"]
[Termination "Chessdude1987 won by checkmate"]

1. e4 e6 2. Nf3 d5 3. e5 c5 4. b4 d4 5. c3 dxc3 6. bxc5 cxd2+ 7. Nbxd2 Bxc5 8. Bb2 Nh6 9. Bc4 Qb6 10. Qb3 Bxf2+ 11. Ke2 O-O 12. Ne4 Qxb3 13. axb3 Bb6 14. Nd6 Nc6 15. Ba3 Rd8 16. Rhd1 Ng4 17. Bb2 Ne3 18. Rd3 Nxc4 19. bxc4 Bc5 20. Ng5 Bxd6 21. exd6 f6 22. Ne4 e5 23. c5 Bf5 24. Re3 b6 25.
cxb6 axb6 26. Rc1 Na5 27. Ng3 Be6 28. Bc3 Nc4 29. Re4 Ra2+ 30. Kf1 f5 31. Rh4 f4 32.
Ne4 Ne3+ 33. Kg1 Rxg2+ 34. Kh1 Bd5 35. Bxe5 Bxe4 36. Rxf4 Rg4+ 37. Rxe4 Rxe4 38. Bg3 Nf5 39. Rc6 Nxg3+ 40. hxg3 Rd4 41. Rxb6 R4xd6 42. Rb7 Rd2 43. Kg1 h6 44. Rb5 Kh7 45. g4 Ra8 46. Rb1 Raa2 47. Kh1 Rg2 48. g5 hxg5 49. Rb7 Rgc2 50. Rb1 Kg6 51. Rb6+ Kh5 52. Rb1 Kh4 53. Rg1 Kh3 54.
Rd1 g4 55. Rd3+ g3 56. Rd1 Rh2+ 57. Kg1 Rhg2+ 58. Kh1 Rgd2 59. Rc1 Rdc2 60. Rb1 Rcb2 61. Rc1 Ra3 62. Rd1 Rh2+ 63. Kg1 g2 64. Rd3+ Rxd3 65. Kf2 Rf3+ 66. Kg1 Rf1# 0-1

[Event "Early-Titled-Tuesday-Blitz-July-09-2024"]
[Site "Chess.com"]
[Date "2024.07.09"]
[Round "1"]
[White "andy07670"]
[Black "CrimeFightingSpider07"]
[Result "1-0"]
[WhiteElo "2414"]
[BlackElo "2601"]
[TimeControl "180+1"]
[EndTime "8:08:35 PDT"]
[Termination "andy07670 won on time"]

1. e4 e5 2. Nf3 Nf6 3. Nc3 Nc6 4.
Bb5 Nd4 5. Bc4 Nxf3+ 6. Qxf3 d6 7. h3 Be7 8. O-O O-O 9. d3 Be6 10. Bb3 Qd7 11. Bg5 c6 12. Rfe1 Rfe8 13. Rad1 Rad8 14.
d4 exd4 15. Rxd4 Bxb3 16. axb3 Qe6 17. Red1 h6 18. Bh4 Rd7 19. Bg3 Red8 20. Ne2 Bf8 21. Nf4 Qe7 22. b4 d5 23. exd5 Nxd5 24. c3 Nb6 25. Ne2 Nc4 26. Bh4 g5 27. Bg3 Nxb2 28. Rxd7 Rxd7 29. Rxd7 Qxd7 30. Nd4 Bg7 31. Nf5 Qd1+ 32.
Kh2 Qxf3 33. gxf3 Bxc3 34. Bd6 Bg7 35. Ne7+ Kh7 36. f4 Nc4 37. Bc7 gxf4 38. Bxf4 Bf8 39. Nf5 Bxb4 40. Bxh6 Kg6 41. Ne3 Bd6+ 42. Kg2 Nxe3+ 43.
Bxe3 a5 44. Kf3 a4 45. Bd4 b5 46. Kg4 b4 47. h4 f5+ 48. Kf3 a3 49. Ke2 b3 50.
Kd3 b2 51. Kc2 c5 52. Bc3 c4 53. f3 Kh5 54. Kb1 Bg3 55. Ka2 Bxh4 56. f4 1-0